 Dungeon Crawl Stone Soup version 0.25-a0-565-g8875c97ebb (webtiles) character file.

Game seed: 6964857642082160321, levelgen mode: deterministic

2072 An17 the Grappler (level 9, -4/75 HPs)
             Began as a Ghoul Monk on Feb 26, 2020.
             Was an Elder of Cheibriados.
             Slain by a sixfirhy (9 damage)
             ... on level 7 of the Dungeon.
             The game lasted 00:23:48 (5076 turns).

An17 the Grappler (Ghoul Monk)                      Turns: 5076, Time: 00:23:49

Health: -4/75      AC: 15    Str: 31    XL:     9   Next: 26%
Magic:  8/8        EV:  9    Int: 15    God:    Cheibriados [****..]
Gold:   381        SH:  0    Dex: 21    Spells: 8/8 levels left

rFire    . . .     SeeInvis .     - Unarmed
rCold    + . .     Gourm    .   (no shield)
rNeg     + + +     Faith    .   e - +0 plate armour
rPois    ∞         Spirit   .   s - +0 helmet
rElec    .         Reflect  .   (no cloak)
rCorr    .         Harm     .   (no gloves)
MR       +....                  g - +1 pair of boots
Stlth    ..........             (no amulet)
HPRegen  0.00/turn              h - +3 ring of strength
MPRegen  0.11/turn              n - ring of protection from magic

@: rotting, very slow
A: rotting body, claws 1, carnivore, cold resistance 1, negative energy
resistance 3, inhibited regeneration, torment resistance, unbreathing
a: Bend Time, Temporal Distortion, Slouch, Renounce Religion


You were on level 7 of the Dungeon.
You worshipped Cheibriados.
Cheibriados was greatly pleased with you.
You were not hungry.

You visited 1 branch of the dungeon, and saw 7 of its levels.

You collected 381 gold pieces.

Inventory:

Armour
 a - a +2 pair of gloves
 e - a +0 plate armour (worn)
 g - a +1 pair of boots (worn)
 s - a +0 helmet (worn)
Jewellery
 h - a +3 ring of strength (left claw)
 n - a ring of protection from magic (right claw)
 u - the ring of Nifu {rF+ AC-6 Str+3 Dex-3}
   (You found it on level 7 of the Dungeon)

   [ring of protection]

   It affects your AC (-6).
   It affects your strength (+3).
   It affects your dexterity (-3).
   It protects you from fire.
Scrolls
 i - 3 scrolls of identify
 j - 4 scrolls of magic mapping
 l - 2 scrolls of teleportation
 m - a scroll of immolation
 p - a scroll of enchant weapon
 q - 2 scrolls of amnesia
 t - a scroll of blinking
Potions
 d - a potion of resistance
 f - a potion of magic
 k - 4 potions of curing
 o - a potion of cancellation
 r - a potion of stabbing
Comestibles
 b - 9 rations
 c - 8 chunks of flesh


   Skills:
 * Level 5.8 Fighting
 + Level 3.7 Armour
 - Level 2.6 Dodging
 - Level 2.1 Stealth
 * Level 11.4 Unarmed Combat


You had 8 spell levels left.
You didn't know any spells.
Your spell library contained the following spells:

 Spells                   Type           Power        Failure   Level  Hunger
 Animate Skeleton         Necr           N/A          95%         1    ##.....
 Infusion                 Chrm           #...         95%         1    ##.....
 Magic Dart               Conj           #...         95%         1    ##.....
 Pain                     Necr           #...         95%         1    ##.....
 Blink                    Tloc           N/A          98%         2    ###....
 Call Imp                 Summ           #.......     98%         2    ###....
 Shroud of Golubria       Chrm/Tloc      #.....       98%         2    ###....
 Slow                     Hex            #.......     98%         2    ###....
 Song of Slaying          Chrm           #.......     98%         2    ###....
 Conjure Flame            Conj/Fire      #.......     100%        3    ####...
 Mephitic Cloud           Conj/Pois/Air  #.......     100%        3    ####...
 Ozocubu's Armour         Chrm/Ice       #.......     100%        3    ####...
 Spectral Weapon          Hex/Chrm       #.......     100%        3    ####...
 Vampiric Draining        Necr           #.........   100%        3    ####...
 Animate Dead             Necr           N/A          100%        4    #####..
 Agony                    Necr           #.......     100%        5    ######.


Dungeon Overview and Level Annotations

Branches:
Dungeon (7/15)             Temple (0/1) D:5

Altars:
Cheibriados
Dithmenos
Elyvilon
Gozag
Kikubaaqudgha
Makhleb
Nemelex Xobeh
Vehumet


Innate Abilities, Weirdness & Mutations

Your body is rotting away.
You thrive on raw meat.
You are immune to poison.
You have sharp fingernails.
You are carnivorous and can eat meat at any time.
Your flesh is cold resistant. (rC+)
You are immune to negative energy. (rN+++)
You do not regenerate when monsters are visible.
You are immune to unholy pain and torment.
You can survive without breathing.


Message History

You open the door.
The sixfirhy hits you but does no damage. x3
The sixfirhy barely misses you.
You miss the sixfirhy. You miss the sixfirhy. You scratch the sixfirhy.
The sixfirhy is lightly wounded.
You scratch the sixfirhy. Your claw misses the sixfirhy.
The sixfirhy is lightly wounded.
The sixfirhy hits you. The sixfirhy shocks you!
The sixfirhy closely misses you. The sixfirhy barely misses you.
You completely miss the sixfirhy. The sixfirhy hits you.
The sixfirhy shocks you! The sixfirhy hits you. The sixfirhy shocks you!
The sixfirhy hits you. The sixfirhy shocks you!
* * * LOW HITPOINT WARNING * * *
You scratch the sixfirhy but do no damage.
The sixfirhy hits you!
* * * LOW HITPOINT WARNING * * *
The sixfirhy shocks you!
You die...

...#..# ##.##..................
#....# ##..#...................
#...####.......................
.##......>.......................
.................................
.......<......###..÷.............
..............#(#.........(......
..............#3#........()......
................@.......(........
.....................(.(.........
......................(..........
.................................
.................................
..............#.....?..........
.....###.#####.......... ...##
#.. #.....#..... #. #.......#....


You could see a sixfirhy.

Vanquished Creatures
  Sigmund (D:4)
  Eustachio (D:4)
  Menkaure (D:5)
  Edmund (D:5)
  A necrophage (D:6)
  An ice beast (D:5)
  2 ogres
  A phantom (D:6)
  2 centaurs
  A bullfrog (D:6)
  A scorpion (D:7)
  3 crimson imps (D:6)
  2 hounds
  A centaur skeleton (D:5)
  2 orc priests (D:4)
  3 orc wizards
  2 iguanas (D:6)
  5 worker ants
  Natasha (thrice) (D:4)
  A statue (D:5)
  A hound zombie (D:6)
  2 hound skeletons
  9 adders
  An adder zombie (D:6)
  An adder skeleton (D:4)
  A dart slug (D:1)
  2 leopard geckos
  20 orcs
  A ball python (D:6)
  11 bats
  5 giant cockroaches
  5 goblins
  5 hobgoblins
  16 jackals
  7 quokkas
  5 frilled lizards
  6 kobolds
  12 rats
145 creatures vanquished.

Vanquished Creatures (others)
  4 toadstools (D:1)
4 creatures vanquished.

Grand Total: 149 creatures vanquished

Notes
Turn   | Place    | Note
-------+----------+-------------------------------------------
     0 | D:1      | An17 the Ghoul Monk began the quest for the Orb.
     0 | D:1      | Reached XP level 1. HP: 19/19 MP: 0/0
   161 | D:1      | Reached XP level 2. HP: 27/27 MP: 1/1
   378 | D:1      | Reached skill level 4 in Unarmed Combat
   529 | D:1      | Reached XP level 3. HP: 33/33 MP: 2/2
  1166 | D:2      | Reached XP level 4. HP: 30/40 MP: 3/3
  1184 | D:2      | Reached skill level 5 in Unarmed Combat
  1359 | D:2      | Noticed an ogre
  1376 | D:2      | Killed an ogre
  1376 | D:2      | Reached XP level 5. HP: 29/46 MP: 4/4
  1478 | D:3      | Found a white marble altar of Elyvilon.
  1509 | D:3      | Reached skill level 1 in Armour
  1544 | D:3      | Reached skill level 6 in Unarmed Combat
  1649 | D:3      | Found a snail-covered altar of Cheibriados.
  1693 | D:3      | Became a worshipper of Cheibriados the Contemplative
  1693 | D:3      | Reached * piety under Cheibriados
  1693 | D:3      | Reached ** piety under Cheibriados
  2152 | D:3      | Found an opulent altar of Gozag.
  2154 | D:3      | Reached XP level 6. HP: 52/52 MP: 5/5
  2196 | D:4      | Noticed Eustachio
  2206 | D:4      | Killed Eustachio
  2206 | D:4      | Reached skill level 7 in Unarmed Combat
  2262 | D:4      | Noticed Sigmund
  2309 | D:4      | Killed Sigmund
  2309 | D:4      | Reached XP level 7. HP: 25/60 MP: 6/6
  2372 | D:4      | Noticed Natasha
  2380 | D:4      | Reached skill level 8 in Unarmed Combat
  2391 | D:4      | Killed Natasha
  2430 | D:4      | Noticed Natasha
  2434 | D:4      | Killed Natasha
  2440 | D:4      | Reached *** piety under Cheibriados
  2482 | D:4      | Noticed Natasha
  2493 | D:4      | Killed Natasha
  2819 | D:5      | Entered Level 5 of the Dungeon
  2854 | D:5      | Reached skill level 9 in Unarmed Combat
  2854 | D:5      | Reached XP level 8. HP: 67/67 MP: 7/7
  2869 | D:5      | Reached skill level 5 in Fighting
  2893 | D:5      | Noticed Edmund
  2917 | D:5      | Killed Edmund
  3026 | D:5      | Noticed Menkaure
  3035 | D:5      | Killed Menkaure
  3035 | D:5      | Reached skill level 10 in Unarmed Combat
  3116 | D:5      | Found a staircase to the Ecumenical Temple.
  3193 | D:5      | Found a sparkling altar of Nemelex Xobeh.
  3369 | D:5      | Found a radiant altar of Vehumet.
  3395 | D:5      | Found an ancient bone altar of Kikubaaqudgha.
  3409 | D:5      | Found a shadowy altar of Dithmenos.
  3930 | D:6      | Reached **** piety under Cheibriados
  4229 | D:6      | Reached XP level 9. HP: 58/74 MP: 8/8
  4304 | D:6      | Reached skill level 11 in Unarmed Combat
  4519 | D:6      | Found a burning altar of Makhleb.
  4983 | D:7      | Found a runed translucent door.
  4983 | D:7      | Noticed a sixfirhy
  4993 | D:7      | Got a coiled lapis lazuli ring
  4995 | D:7      | Identified the cursed ring of Nifu {rF+ AC-6 Str+3 Dex-3}
                  | (You found it on level 7 of the Dungeon)
  5076 | D:7      | Slain by a sixfirhy

Levels and vault maps discovered:
D:1:      dpeg_arrival_short_road, layout_basic, minmay_gold_behind_fungi
D:2:      layout_rooms
D:3:      wad_woods_stonehenge, layout_loops_cross, old_standard_altar,
          nicolae_gozag_seed_capital, first_ration
D:4:      layout_cave_pools, supply_closet_lemuel, skrybe_limestone_x,
          uniq_sigmund, uniq_eustachio, uniq_natasha
D:5:      layout_layer_cave, nemelex_xobeh_ov_fountains_minmay,
          kiku_gazebo_pond_becter, vehumet_statue,
          minmay_temple_entry_large_hall, basic_altar, hangedman_decor_riveting,
          uniq_menkaure, uniq_edmund
D:6:      layout_layer_cave, makhleb_blood_cavern_becter
D:7:      cheibrodos_shockbox, layout_layer_cave, fedhas_bush_and_centaur_altar

Skill      XL: |  1  2  3  4  5  6  7  8  9 |
---------------+----------------------------+-----
Unarmed Combat | 4 5 6 7 9 10 11 | 11.4
Fighting       | 4 5 |  5.8
Armour         | 1 2 3 |  3.7
Dodging        | |  2.6
Stealth        | |  2.1

Action                   |  1- 3 |  4- 6 |  7- 9 || total
-------------------------+-------+-------+-------++-------
Melee: Unarmed           |   125 |   121 |   231 ||   477
       Punch             |     1 |     1 |    10 ||    12
  Use: Scroll            |     8 |     6 |     5 ||    19
  Eat: Chunk             |    12 |    10 |    29 ||    51
Armor: Plate armour      |    78 |    95 |   154 ||   327
       Robe              |     1 |       |       ||     1
Dodge: Dodged            |    30 |    62 |   129 ||   221

Table legend:
 A = Non-vault XP
 B = Vault XP
 C = Vault XP percentage of total XP
 D = Non-vault monster count
 E = Vault monster count
 F = Vault count percentage of total count
                 A         B        C        D         E       F
            +---------+---------+-------+---------+---------+-------
      Total |    1995 |     966 |  32.6 |     131 |      14 |   9.7
            +---------+---------+-------+---------+---------+-------
        D:1 |      40 |       0 |   0.0 |      23 |       0 |   0.0
        D:2 |     195 |       0 |   0.0 |      20 |       0 |   0.0
        D:3 |      72 |      13 |  15.3 |      16 |       6 |  27.3
        D:4 |     387 |     443 |  53.4 |      30 |       3 |   9.1
        D:5 |     361 |     358 |  49.8 |      10 |       3 |  23.1
        D:6 |     716 |     152 |  17.5 |      27 |       2 |   6.9
        D:7 |     224 |       0 |   0.0 |       5 |       0 |   0.0
            +---------+---------+-------+---------+---------+-------
